 Dungeon Crawl Stone Soup version 0.27.0-66-gdc8fb28755 (webtiles) character file.

Game seed: 3343857191319340507

28241 SkeletonJelly the Slicer (level 13, -4/96 HPs)
             Began as a Red Draconian Monk on Aug 20, 2021.
             Was a High Priest of Dithmenos.
             Slain by a meliai (13 damage)
             ... on level 3 of the Lair of Beasts.
             The game lasted 00:54:06 (19624 turns).

SkeletonJelly the Slicer (Red Draconian Monk)      Turns: 19624, Time: 00:54:07

Health: -4/96      AC: 16    Str: 20    XL:     13   Next: 8%
Magic:  0/22       EV: 17    Int: 12    God:    Dithmenos [*****.]
Gold:   1081       SH:  8    Dex: 17    Spells: 12/12 levels left

rFire    + . .     SeeInvis .   G - +3 rapier (freeze)
rCold    . . .     Faith    .   (no shield)
rNeg     . . .     Spirit   +   (armour unavailable)
rPois    .         Reflect  .   V - +1 hat
rElec    .         Harm     .   I - +2 cloak {Stlth+}
rCorr    .         Rampage  .   M - +1 pair of gloves
Will     .....                  e - +1 pair of boots Stlth *+++++++++
                                O - brooch of Shielding {Spirit SH+8}
HPRegen  0.26/turn              x - +4 ring of evasion
MPRegen  0.18/turn              y - +6 ring of strength

@: hasted, wreathed by umbra, very quick
A: breathe fire, AC +8, unfitting armour, fire resistance 1, cold-blooded
a: Breathe Fire, Renounce Religion, Shadow Step, Shadow Form


You were on level 3 of the Lair of Beasts.
You worshipped Dithmenos.
Dithmenos was extremely pleased with you.
You visited 2 branches of the dungeon, and saw 16 of its levels.

You collected 1081 gold pieces.

Inventory:

Hand Weapons
 i - a +1 dagger of venom
 z - a +3 dagger of speed
 G - a +3 rapier of freezing (weapon)
 K - a +1 vampiric dagger
 L - a +3 vorpal hunting sling
Missiles
 l - 8 javelins
 p - 91 sling bullets
 u - a throwing net
 A - a curare-tipped dart
 B - 32 poisoned darts
 C - 7 atropa-tipped darts
Armour
 e - a +1 pair of boots (worn)
 I - a +2 cloak of stealth (worn)
 M - a +1 pair of gloves (worn)
 V - a +1 hat (worn)
Magical Staves
 E - a staff of fire
Jewellery
 x - a +4 ring of evasion (left hand)
 y - a +6 ring of strength (right hand)
 H - a ring of ice
 O - the brooch of Shielding (around neck) {Spirit SH+8}
   (You found it on level 9 of the Dungeon)

   [amulet of guardian spirit]

   It causes incoming damage to be divided between your reserves of health and
   magic.
   SH:        It affects your SH (+8).
 P - a ring of see invisible
 R - a ring of positive energy
 U - an amulet of faith
Wands
 m - a wand of iceblast (7)
 q - a wand of polymorph (9)
 J - a wand of digging (8)
 T - a wand of flame (13)
 Y - a wand of mindburst (31)
Scrolls
 c - 7 scrolls of enchant armour
 d - 2 scrolls of amnesia
 f - a scroll of torment
 g - 2 scrolls of silence
 j - 2 scrolls of enchant weapon
 n - 7 scrolls of identify
 o - 4 scrolls of teleportation
 s - a scroll of holy word
 v - a scroll of summoning {unknown}
 D - a scroll of fear {unknown}
 N - a scroll of magic mapping {unknown}
 X - a scroll of vulnerability {unknown}
Potions
 a - 2 potions of attraction {unknown}
 h - 6 potions of flight
 r - 2 potions of resistance
 w - 2 potions of brilliance
 F - a potion of haste
 S - 3 potions of degeneration {unknown}
 W - a potion of mutation {unknown}
 Z - 2 potions of berserk rage {unknown}
Miscellaneous
 Q - a tin of tremorstones (inert)


   Skills:
 + Level 4.1 Fighting
 - Level 13.8(14.0) Short Blades
 - Level 3.1(9.7) Long Blades
 - Level 0.1(2.7) Slings
 + Level 4.4(4.5) Throwing
 - Level 2.6 Dodging
 - Level 12.0 Stealth
 - Level 12.0 Invocations


You had 12 spell levels left.
You didn't know any spells.
Your spell library contained the following spells:

 Spells                   Type           Power      Damage    Failure   Level
 Animate Skeleton         Necr           0%         N/A       32%         1
 Apportation              Tloc           0%         N/A       32%         1
 Corona                   Hex            0%         N/A       32%         1
 Sting                    Tmut/Pois      0%         1d3       32%         1
 Summon Small Mammal      Summ           0%         N/A       32%         1
 Poisonous Vapours        Pois/Air       0%         N/A       45%         2
 Slow                     Hex            0%         N/A       45%         2
 Confusing Touch          Hex            0%         N/A       69%         3
 Stone Arrow              Conj/Erth      0%         3d7       69%         3
 Vampiric Draining        Necr           0%         2d6       69%         3
 Airstrike                Air            0%         N/A       97%         4
 Fulminant Prism          Conj/Hex       0%         3d6       97%         4
 Hailstorm                Conj/Ice       0%         3d3       97%         4
 Ice Form                 Ice/Tmut       0%         N/A       97%         4
 Iskenderun's Mystic Bla  Conj/Tloc      0%         2d3       97%         4
 Leda's Liquefaction      Hex/Erth       0%         N/A       97%         4
 Olgreb's Toxic Radiance  Pois           0%         N/A       97%         4
 Sticky Flame             Conj/Fire      0%         2d3       97%         4
 Blade Hands              Tmut           0%         N/A       100%        5
 Irradiate                Conj/Tmut      0%         3d14      100%        5
 Lee's Rapid Deconstruct  Erth           0%         3d5*      100%        5
 Yara's Violent Unravell  Hex/Tmut       0%         3d3       100%        5
 Simulacrum               Ice/Necr       0%         N/A       100%        6
 Dragon Form              Tmut           0%         N/A       100%        7
 Ozocubu's Refrigeration  Ice            0%         4d5       100%        7
 Ignition                 Fire           0%         3d3       100%        8
 Lehudib's Crystal Spear  Conj/Erth      0%         10d2      100%        8
 Animate Armour           Summ/Erth      Unusable   N/A       N/A         4

Dungeon Overview and Level Annotations

Branches:
Dungeon (12/15)            Temple (0/1) D:4            Lair (4/6) D:10
  Swamp (0/4) Lair:2          Orc (0/2) D:11
  Snake: Lair:2-4    Spider: Lair:2-4

Altars:
Dithmenos
Fedhas
Gozag
Sif Muna
Uskayaw
Vehumet
Yredelemnul

Shops:
D:3 (   D:8 *   D:11 =[(

Annotations:
D:3 3 runed translucent doors, zdrol's ghost, amateur MiFi


Innate Abilities, Weirdness & Mutations

You can breathe blasts of fire.
Your fiery red scales are hard. (AC +8)
You cannot fit into any form of body armour.
Your flesh is heat resistant. (rF+)
You are cold-blooded and may be slowed by cold attacks.


Message History

The burst of rock shards engulfs the killer bee!!
You kill the killer bee!
Dithmenos accepts your kill.
The tin is emptied!
You feel sick.
The killer bee stings you but does no damage.
The meliai calls down the wrath of its god upon you.
Something smites you! The killer bee misses you.
The meliai calls down the wrath of its god upon you.
Something smites you! You block the meliai's attack. The meliai stings you.
The killer bee stings you but does no damage.
Your Fighting skill increases to level 4!
You hit the meliai. You freeze the meliai.
Your tail-slap misses the meliai.
The meliai is almost dead.
The killer bee completely misses you. The meliai hits you with a +0 war axe!
* * * LOW HITPOINT WARNING * * *
You block the meliai's attack.
Okay, then.
Okay, then.
You feel yourself speed up.
You feel sick. You block the killer bee's attack.
The killer bee closely misses you. The meliai hits you with a +0 war axe.
* * * LOW HITPOINT WARNING * * *
The meliai misses you.
The meliai calls down the wrath of its god upon you.
Something smites you!
* * * LOW HITPOINT WARNING * * *
The queen bee calls on the meliai to defend it!
The meliai goes berserk!
The killer bee stings you but does no damage.
The meliai misses you. You block the meliai's attack.
You feel sick.
The meliai calls upon its god to heal the meliai.
The meliai is healed somewhat.
The killer bee barely misses you.
You feel sick.
You are no longer poisoned.
The killer bee stings you but does no damage.
The killer bee completely misses you.
You have got your breath back.
The meliai calls upon its god to heal the queen bee.
The queen bee is healed somewhat.
The meliai barely misses you. x2
The meliai misses you. x2
It was a potion of heal wounds.
You feel much better. The meliai barely misses you.
The meliai closely misses you.
The meliai calls upon its god to heal the queen bee.
The queen bee's wounds heal themselves!
The meliai hits you with a +0 war axe!
* * * LOW HITPOINT WARNING * * *
The meliai completely misses you.
The queen bee calls on the killer bee to defend it!
The killer bee goes berserk!
The killer bee stings the plant!
The plant begins to die.
The plant is poisoned.
The killer bee poisons the plant!
Okay, then.
The killer bee rages.
The meliai misses you. You block the meliai's attack. The meliai misses you.
The meliai closely misses you.
The killer bee stings the plant!
The plant begins to die.
The killer bee stings the plant.
The meliai misses you. The meliai closely misses you.
Blink to where?
Press: ? - help, Dir - move target, f - you, p - queen bee
Okay, then.
Unknown command.
Okay, then.
Press: ? - help, v - describe, . - travel
Here: a meliai, wielding a +0 war axe and wearing a +0 leather armour (heavily wounded, berserk, umbra)
The floor.
Unknown command.
Blink to where?
Press: ? - help, Dir - move target, p - queen bee
As you read the scroll of blinking, it crumbles to dust.
You hear an angry buzzing noise.
You hear an angry buzzing noise.
The killer bee rages.
The meliai rages.
There is a stone staircase leading up here.
The meliai hits you with a +0 war axe.
* * * LOW HITPOINT WARNING * * *
You block the meliai's attack. The meliai closely misses you.
The meliai stings you.
* * * LOW HITPOINT WARNING * * *
The killer bee rages.
You climb upwards.
There is a stone staircase leading down here.
Aiming: Mindburst
Press: ? - help, Shift-Dir - straight line, f - meliai
Aim: a meliai, wielding a +0 war axe and wearing a +0 leather armour (heavily wounded, berserk, umbra, chance to affect: 65%)
The meliai struggles to resist.
The meliai hits you with a +0 war axe!
* * * LOW HITPOINT WARNING * * *
You block the meliai's attack. The meliai hits you with a +0 war axe!
* * * LOW HITPOINT WARNING * * *
The meliai completely misses you.
The meliai rages.
You block the meliai's attack. The meliai closely misses you.
You feel better. You block the meliai's attack.
The meliai stings you but does no damage.
The meliai closely misses you. You block the meliai's attack.
The meliai hits you but does no damage. The meliai closely misses you.
You block the meliai's attack. The meliai barely misses you.
The meliai closely misses you. x2; The meliai hits you with a +0 war axe!
You die...

..≈≈≈...#....≈≈≈.≈♣≈..#....†##...
.≈P≈≈≈≈≈....≈≈≈≈.≈≈♣.............
≈≈P≈≈P≈♣♣≈.♣♣≈≈≈.≈≈♣♣#..P.....#..
♣≈≈≈≈≈≈♣♣≈♣♣♣≈P≈.≈≈♣≈##.##.......
♣P≈≈≈≈≈♣♣♣♣♣♣≈≈≈.≈≈♣♣≈##.........
≈P≈≈≈≈≈≈≈♣♣♣≈≈≈≈.≈♣≈..........P..
≈P≈≈≈≈≈≈P≈≈≈≈≈P≈.≈♣..........###.
.≈≈≈≈≈≈≈≈≈≈≈≈≈≈≈.P...>.(.........
................@y.#....#........
.♣≈≈P≈≈P≈≈≈≈≈≈≈≈...P.............
#PP≈≈≈≈≈≈≈≈≈≈≈≈≈≈♣P...........###
#.≈≈P≈P≈≈≈≈≈≈≈≈≈≈≈..........#....
#..≈♣P≈≈≈≈≈≈≈P≈≈≈........≈≈......
....≈♣♣≈≈≈≈≈≈≈≈≈...##...≈≈≈≈≈....
....♣♣♣♣♣≈≈≈≈≈♣...###..≈≈≈≈≈≈....
..##♣ ♣≈≈≈≈≈...## #...≈≈≈≈≈≈...
...##♣♣♣♣♣♣P♣...## #..<.≈≈≈≈≈..#


You could see a meliai (berserk).

Vanquished Creatures
  Gastronok (D:11)
  Snorg (D:10)
  A catoblepas (Lair:2)
  Erolcha (D:10)
  4 two-headed ogres
  A deep elf pyromancer (D:10)
  Pikel (D:8)
  An oklob plant (Lair:1)
  An ugly thing (D:11)
  Maurice (D:11)
  5 black mambas
  Maggie (D:8)
  4 komodo dragons
  2 cane toads
  An unseen horror (D:10)
  A meliai (Lair:4)
  A troll (D:10)
  2 polar bears
  Prince Ribbit (D:8)
  11 blink frogs
  A wraith (D:10)
  21 yaks
  A vampire (D:9)
  4 wyverns
  Eustachio (D:5)
  A steam dragon (Lair:2)
  A warg (D:7)
  An acid dragon (D:11)
  Duvessa (D:7)
  6 orc warriors
  8 water moccasins
  An ice beast (D:4)
  A sky beast (D:7)
  A hornet zombie (D:7)
  2 black bears
  3 ogres
  5 centaurs
  10 wolves (Lair:2)
  5 bullfrogs
  4 kobold brigands
  4 wyvern zombies
  Dowan (D:7)
  2 scorpions (D:6)
  3 water moccasin zombies
  3 wyvern skeletons
  24 killer bees
  A vampire bat (Lair:1)
  12 wights (D:8)
  2 electric eels
  A howler monkey (D:6)
  6 bullfrog zombies (D:6)
  8 centaur zombies
  3 hounds
  2 gnoll shamans
  6 orc priests
  Crazy Yiuf (D:7)
  4 centaur skeletons
  3 jellies
  2 bullfrog skeletons (D:6)
  Jessica (D:3)
  Ijyb (D:3)
  Natasha (thrice) (D:3)
  4 iguanas
  11 orc wizards
  2 killer bee zombies (D:6)
  A hound skeleton (D:4)
  4 howler monkey zombies
  13 gnolls
  6 adders
  2 howler monkey skeletons (D:6)
  A shadow imp (D:7)
  A white imp (D:7)
  An ufetubus (D:5)
  An adder skeleton (D:4)
  An adder zombie (D:5)
  2 worms
  3 dart slugs
  46 orcs
  9 endoplasms
  A giant cockroach (D:3)
  5 goblins
  7 hobgoblins
  7 jackals
  6 quokkas
  6 ball pythons
  11 bats
  4 frilled lizards
  38 kobolds
  5 rats
411 creatures vanquished.

Vanquished Creatures (others)
  8 fungi
  21 plants
  3 withered plants (D:6)
32 creatures vanquished.

Grand Total: 443 creatures vanquished

Notes
Turn   | Place    | Note
-------+----------+-------------------------------------------
     0 | D:1      | SkeletonJelly the Draconian Monk began the quest for the
                  | Orb.
     0 | D:1      | Reached XP level 1. HP: 19/19 MP: 1/1
    22 | D:1      | Found a faded altar of an unknown god.
    34 | D:1      | Became a worshipper of Dithmenos the Shadowed
    34 | D:1      | Reached * piety under Dithmenos
    34 | D:1      | Reached ** piety under Dithmenos
   127 | D:1      | Reached skill level 1 in Short Blades
   338 | D:1      | Reached XP level 2. HP: 20/26 MP: 2/2
   363 | D:1      | Reached *** piety under Dithmenos
   687 | D:1      | Reached skill level 2 in Short Blades
  1113 | D:2      | Reached XP level 3. HP: 31/31 MP: 3/3
  1772 | D:2      | Reached skill level 3 in Short Blades
  1772 | D:2      | Reached XP level 4. HP: 34/38 MP: 4/4
  2127 | D:3      | Reached **** piety under Dithmenos
  2585 | D:3      | Reached XP level 5. HP: 45/45 MP: 5/5
  2650 | D:3      | Noticed Natasha
  2656 | D:3      | Killed Natasha
  2657 | D:3      | Reached skill level 4 in Short Blades
  2662 | D:3      | Noticed Jessica
  2672 | D:3      | Killed Jessica
  2968 | D:3      | Noticed Ijyb
  2977 | D:3      | Killed Ijyb
  3026 | D:3      | Found a runed translucent gate.
  3026 | D:3      | Noticed zdrol's ghost (amateur MiFi)
  3027 | D:3      | Found a runed translucent gate.
  3027 | D:3      | Found a runed translucent gate.
  3198 | D:3      | Found Nukops's Weapon Emporium.
  3903 | D:3      | Noticed Natasha
  3920 | D:3      | Killed Natasha
  3921 | D:3      | Reached XP level 6. HP: 48/51 MP: 6/6
  4207 | D:3      | Noticed Natasha
  4219 | D:3      | Killed Natasha
  4384 | D:4      | Found a staircase to the Ecumenical Temple.
  4453 | D:3      | Reached skill level 5 in Short Blades
  4488 | D:4      | Noticed an ice beast
  4804 | D:4      | Your scales start taking on a fiery red colour.
  4804 | D:4      | Reached XP level 7. HP: 56/57 MP: 7/7
  4804 | D:4      | Gained mutation: Your flesh is heat resistant. (rF+) [Red
                  | Draconian growth]
  4910 | D:4      | Reached skill level 6 in Short Blades
  5312 | D:4      | Found a shimmering blue altar of Sif Muna.
  5312 | D:4      | Found a hide-covered altar of Uskayaw.
  5665 | D:5      | Entered Level 5 of the Dungeon
  5932 | D:5      | Reached skill level 5 in Stealth
  5932 | D:5      | Noticed Eustachio
  5979 | D:5      | Reached skill level 7 in Short Blades
  6381 | D:5      | Reached XP level 8. HP: 43/63 MP: 8/8
  6560 | D:5      | Killed Eustachio
  6669 | D:5      | Reached ***** piety under Dithmenos
  6684 | D:5      | Reached skill level 8 in Short Blades
  7342 | D:6      | Found an opulent altar of Gozag.
  7812 | D:6      | Reached skill level 9 in Short Blades
  7992 | D:6      | Reached XP level 9. HP: 60/70 MP: 9/9
  9369 | D:7      | Found a blossoming altar of Fedhas.
  9412 | D:7      | Noticed Duvessa
  9418 | D:7      | Noticed Dowan
  9420 | D:7      | Killed Duvessa
  9437 | D:7      | Killed Dowan
  9607 | D:7      | Reached skill level 10 in Stealth
  9899 | D:7      | Found a radiant altar of Vehumet.
  9902 | D:7      | Noticed Joseph
  9944 | D:7      | Noticed Joseph
  9944 | D:7      | Joseph changed into Joseph the warg
 10531 | D:7      | Killed Joseph the warg
 10594 | D:7      | Reached XP level 10. HP: 47/77 MP: 10/10
 10848 | D:7      | Found a runed translucent door.
 10849 | D:7      | Noticed Crazy Yiuf
 10912 | D:7      | Found a shadowy altar of Dithmenos.
 10977 | D:7      | Killed Crazy Yiuf
 11172 | D:8      | Noticed Maggie
 11205 | D:8      | Killed Maggie
 11631 | D:8      | Noticed Prince Ribbit
 11981 | D:8      | Noticed Pikel
 12001 | D:8      | Killed Pikel
 12038 | D:8      | Found Suvvaf's General Store.
 12148 | D:8      | Killed Prince Ribbit
 12149 | D:8      | Reached skill level 1 in Throwing
 12149 | D:8      | Reached skill level 1 in Invocations
 12309 | D:8      | Noticed a two-headed ogre
 12312 | D:8      | Killed a two-headed ogre
 12903 | D:9      | Noticed a two-headed ogre
 12910 | D:9      | Killed a two-headed ogre
 12930 | D:9      | Found the brooch of Shielding {Spirit SH+8}
 12930 | D:9      | Noticed a two-headed ogre
 12961 | D:9      | Reached skill level 5 in Invocations
 12983 | D:9      | Reached XP level 11. HP: 43/82 MP: 13/15
 12988 | D:9      | Killed a two-headed ogre
 13922 | D:10     | Entered Level 10 of the Dungeon
 13935 | D:10     | Found a staircase to the Lair.
 13971 | D:10     | Noticed Snorg
 14133 | D:10     | Noticed a deep elf pyromancer
 14139 | D:10     | Killed a deep elf pyromancer
 14140 | D:10     | Reached skill level 10 in Short Blades
 14620 | D:10     | Found a basalt altar of Yredelemnul.
 14760 | D:10     | Noticed Erolcha
 14763 | D:10     | Killed Erolcha
 14795 | D:10     | Killed Snorg
 14944 | D:11     | Found Tegodaz's Weapon Boutique.
 14945 | D:11     | Noticed a two-headed ogre
 15038 | D:10     | Reached skill level 11 in Short Blades
 15165 | D:11     | Killed a two-headed ogre
 15405 | D:11     | Noticed a cyan ugly thing
 15427 | D:11     | Killed a cyan ugly thing
 15509 | D:11     | Found a staircase to the Orcish Mines.
 15578 | D:11     | Noticed Maurice
 15579 | D:11     | Found Exeqotz's Antique Armour Emporium.
 15580 | D:11     | Killed Maurice
 15646 | D:11     | Found Gurom's Jewellery Shop.
 15819 | D:11     | Noticed Gastronok
 15825 | D:11     | Killed Gastronok
 15826 | D:11     | Reached skill level 10 in Invocations
 15826 | D:11     | Reached XP level 12. HP: 69/89 MP: 12/19
 16313 | Lair:1   | Entered Level 1 of the Lair of Beasts
 16470 | Lair:1   | Reached skill level 12 in Short Blades
 17013 | Lair:1   | Got Vime Eka's Second Course in Sorcery
 17742 | Lair:2   | Found a staircase to the Swamp.
 17750 | Lair:2   | Noticed a catoblepas
 17753 | Lair:2   | Killed a catoblepas
 17912 | Lair:2   | Reached skill level 13 in Short Blades
 19077 | Lair:3   | Reached XP level 13. HP: 68/94 MP: 18/22
 19618 | Lair:3   | HP: 3/96 [meliai (7)]
 19624 | Lair:3   | Slain by a meliai

Illustrated notes

Levels and vault maps discovered:
D:1:      lightli_arrival_chessboard, layout_basic, ebering_ecumenical_altar_box
D:2:      layout_loops_cross
D:3:      layout_basic, serial_co_window_serial, co_window_corner_a,
          co_window_paths_a, co_window_of_opportunity_a, co_window_paths_a,
          co_window_corner_a, co_window_paths_a, co_window_of_opportunity_a,
          co_window_of_opportunity_a, co_window_paths_a, co_window_corner_b,
          co_window_paths_c, co_window_unsneaky_path_b, co_window_broadway_c,
          co_window_cross_3, co_window_corner_b, co_window_cross_2,
          co_window_paths_e, glass_columns_a, glass_columns_a, glass_columns_a,
          glass_columns_c, glass_columns_b, gammafunk_ghost_nasty_kobolds,
          serial_shops, shop, uniq_jessica, uniq_ijyb, uniq_natasha
D:4:      layout_basic, amethyst_overflow_temple_binary,
          minmay_temple_entry_statues_pillars, minmay_bent
D:5:      kennysheep_kobold_camp, layout_cave_pools, uniq_eustachio
D:6:      minmay_bubble_buster, layout_basic, nicolae_overflow_hidden_temple,
          serial_undead, serial_undead_a, serial_undead_e, serial_undead_b,
          serial_undead_e, serial_undead_a, serial_undead_f, serial_undead_a
D:7:      layout_gridville, lemuel_coloured_pillars_altar, fedhas_altar_3,
          nicolae_vehumet_radiance, uniq_crazy_yiuf_cottage, uniq_joseph,
          uniq_duvessa
D:8:      layout_loops_corners, serial_shops, nicolae_square_shop,
          minmay_misc_feat_alley, uniq_prince_ribbit1, uniq_pikel, uniq_maggie
D:9:      layout_loops_ring
D:10:     layout_rooms, old_standard_altar, lair_entry_dummy, uniq_erolcha,
          uniq_snorg
D:11:     layout_loops_ring, hiddenorc1_lemuel, serial_shops, shop,
          nicolae_shop_statue_plus, nicolae_shop_trees, uniq_gastronok,
          uniq_maurice
D:12:     layout_roguey, cheibrodos_ashenzari_chains
Lair:1:   statuecave_lemuel, layout_long_grid, st_stairs_4,
          minmay_lair_oklob_items, roderic_batcave, grunt_megastairs_3,
          infiniplex_staircase_pool_2, serial_bayou_shore_b
Lair:2:   layout_loops_ring, swamp_mist, serial_bayou_shore_b,
          grunt_megastairs_4
Lair:3:   layout_misc_corridors, serial_bayou_lagoon_b,
          infiniplex_staircase_pool
Lair:4:   layout_roguey [special_room_bee], guppyfry_snake_entry_island,
          lemuel_fruit_tree, serial_bayou_shore_a, serial_bayou_shore_b

Skill      XL: |  1  2  3  4  5  6  7  8  9 10 11 12 13 |
---------------+----------------------------------------+-----
Short Blades   | 1 2 3 4 5 7 9 11 13 | 13.8
Stealth        | 2 3 4 5 6 10 12 | 12.0
Throwing       | 3 4 |  4.4
Invocations    | 5 10 12 | 12.0
Fighting       | 4 |  4.1
Long Blades    | |  3.1
Slings         | |  0.1
Dodging        | |  2.6

Action                   |  1- 3 |  4- 6 |  7- 9 | 10-12 | 13-15 || total
-------------------------+-------+-------+-------+-------+-------++-------
Melee: Dagger            |    35 |   149 |   621 |   129 |       ||   934
       Falchion          |    86 |    40 |       |       |       ||   126
       Tailslap          |    16 |    32 |    93 |   125 |     2 ||   268
       Unarmed           |       |     4 |       |       |       ||     4
       Rapier            |       |       |    25 |   547 |    14 ||   586
 Fire: Hunting sling     |       |     3 |       |       |       ||     3
Throw: Javelin           |       |     2 |       |       |       ||     2
       Dart              |       |       |    12 |    20 |       ||    32
Invok: Shadow Step       |       |       |     2 |     7 |       ||     9
 Abil: Breathe Fire      |       |       |    21 |    21 |     1 ||    43
Evoke: Wand              |       |       |     6 |     4 |     3 ||    13
       Tin of tremorston |       |       |       |       |     2 ||     2
  Use: Potion            |       |     3 |       |     3 |     3 ||     9
       Scroll            |       |       |     7 |     7 |     1 ||    15
 Stab: Sleeping          |    11 |    10 |    21 |    55 |     1 ||    98
       Distracted        |       |       |     1 |     5 |       ||     6
       Invisible         |       |       |     1 |     1 |       ||     2
Armor: Skin              |    27 |    62 |   138 |   145 |    12 ||   384
Dodge: Dodged            |    83 |   110 |   309 |   330 |    40 ||   872
Block: Other             |       |       |       |   100 |    19 ||   119
       Rpst.: Falchion   |    19 |     7 |       |       |       ||    26
